 Dungeon Crawl Stone Soup version 0.28.0-53-g5a82cb258f (webtiles) character file.

Game seed: 10881068309239368117

28 protoss039 the Digger (level 2, 0/21 HPs)
             Began as a Demonspawn Earth Elementalist on June 1, 2022.
             Slain by a giant cockroach (1 damage)
             ... on level 1 of the Dungeon.
             The game lasted 00:01:24 (944 turns).

protoss039 the Digger (DsEE)                         Turns: 944, Time: 00:01:26

Health: 0/21       AC:  2    Str:  8    XL:     2   Next: 96%
Magic:  2/5        EV: 12    Int: 16    God:
Gold:   50         SH:  0    Dex: 13    Spells: 4/5 levels left

rFire   . . .      SeeInvis .   i - +0 whip
rCold   . . .      Faith    .   (no shield)
rNeg    . . .      Spirit   .   b - +0 robe
rPois   .          Reflect  .   (no helmet)
rElec   .          Harm     .   (no cloak)
rCorr   .          Rampage  .   (no gloves)
Will    .....                   (no boots)
Stlth   ++........              (no amulet)
HPRegen 0.07/turn               (no ring)
MPRegen 0.18/turn               (no ring)

@: no status effects
A: magic regeneration
a: no special abilities


You were on level 1 of the Dungeon.
You visited 1 branch of the dungeon, and saw 1 of its levels.

You collected 50 gold pieces.

Inventory:

Hand Weapons
 i - a +0 whip (weapon)
Missiles
 c - 23 stones
Armour
 b - a +0 robe (worn)
Scrolls
 f - 2 scrolls of identify {unknown}
Potions
 d - a potion of might {unknown}
 e - a potion of invisibility {unknown}
 g - 3 potions of mutation {unknown}
 h - a potion of degeneration {unknown}


   Skills:
 * Level 1.4 Fighting
 + Level 0.8 Armour
 - Level 1.7 Dodging
 - Level 1.7 Stealth
 + Level 2.2 Spellcasting
 - Level 1.0 Transmutations
 + Level 2.9 Earth Magic


You had 4 spell levels left.
You knew the following spells:

 Your Spells              Type           Power      Damage    Failure   Level
a - Sandblast             Erth           22%        2d7       6%          1

Your spell library contained the following spells:

 Spells                   Type           Power      Damage    Failure   Level
 Passwall                 Tmut/Erth      6%         N/A       14%         2
 Stone Arrow              Conj/Erth      12%        3d7       32%         3
 Petrify                  Tmut/Erth      8%         N/A       65%         4


Dungeon Overview and Level Annotations

Branches:
Dungeon (1/15)

Altars:


Innate Abilities, Weirdness & Mutations

You regenerate magic rapidly.


Message History

Casting: Sandblast (safe; 6% risk of failure)
Confirm with . or Enter, or press ? or * to list all spells.
Aiming: Sandblast (safe; 6% risk of failure)
Press: ? - help, Shift-Dir - straight line, f - giant cockroach
Aim: a giant cockroach (severely wounded, 79% to hit)
The blast of sand hits the giant cockroach but does no damage.
The giant cockroach is severely wounded.
The endoplasm freezes you.
You are frozen.
* * * LOW HITPOINT WARNING * * *
The giant cockroach bites you but does no damage.
Casting: Sandblast (safe; 6% risk of failure)
Confirm with . or Enter, or press ? or * to list all spells.
Aiming: Sandblast (safe; 6% risk of failure)
Press: ? - help, Shift-Dir - straight line, f/p - giant cockroach
Aim: a giant cockroach (severely wounded, 79% to hit)
The blast of sand hits the giant cockroach but does no damage.
The giant cockroach is severely wounded.
The giant cockroach closely misses you.
The endoplasm hits you but does no damage.
The giant cockroach bites you.
* * * LOW HITPOINT WARNING * * *
Casting: Sandblast (safe; 6% risk of failure)
Confirm with . or Enter, or press ? or * to list all spells.
Aiming: Sandblast (safe; 6% risk of failure)
Press: ? - help, Shift-Dir - straight line, f/p - giant cockroach
Aim: a giant cockroach (severely wounded, 79% to hit)
Okay, then.
The endoplasm freezes you.
You are frozen.
* * * LOW HITPOINT WARNING * * *
Casting: Sandblast (safe; 6% risk of failure)
Confirm with . or Enter, or press ? or * to list all spells.
Aiming: Sandblast (safe; 6% risk of failure)
Press: ? - help, Shift-Dir - straight line, f - endoplasm, p - giant cockroach
Aim: an endoplasm (98% to hit)
The blast of sand hits the endoplasm.
You kill the endoplasm!
The giant cockroach bites you.
You die...

≈≈≈≈ .......# ≈≈≈##+
....... ≈≈≈#...#≈
##.....## ≈≈≈#._.#≈≈≈
#.......# ≈≈≈# ..#≈≈≈
#.......#
≈≈≈#####≈≈≈#####...>...#
≈≈≈≈≈≈≈≈≈≈≈...........#
.≈≈≈≈≈≈≈≈≈.......B...#
.≈≈≈≈≈≈≈≈≈.....†@..?.#
...≈≈≈≈###....###.)###
.##.##.# ##.# #..#
.#..##.####.#####..#
.............†.....#
#..#####...#.....#.#
...#######.....###..#
...............####.#
##..##..........###.##


You could see a giant cockroach.

Vanquished Creatures
  A dart slug (D:1)
  4 bats (D:1)
  2 endoplasms (D:1)
  3 giant cockroaches (D:1)
  3 goblins (D:1)
  3 hobgoblins (D:1)
  3 ball pythons (D:1)
  3 frilled lizards (D:1)
  2 kobolds (D:1)
  A rat (D:1)
25 creatures vanquished.

Notes
Turn   | Place    | Note
-------+----------+-------------------------------------------
     0 | D:1      | protoss039 the Demonspawn Earth Elementalist began the
                  | quest for the Orb.
     0 | D:1      | Reached XP level 1. HP: 13/13 MP: 3/3
    30 | D:1      | Reached skill level 1 in Transmutations
   188 | D:1      | Gained mutation: You regenerate magic rapidly. [demonic
                  | ancestry]
   188 | D:1      | Reached XP level 2. HP: 14/20 MP: 5/5
   392 | D:1      | Reached skill level 1 in Fighting
   660 | D:1      | Found a faded altar of an unknown god.
   943 | D:1      | HP: 1/21 [frozen (3)]
   944 | D:1      | Slain by a giant cockroach

Illustrated notes

Levels and vault maps discovered:
D:1:      lightli_molten_gateway, layout_rooms, nicolae_ecumenical_lake_church

Skill      XL: |  1  2 |
---------------+-------+-----
Transmutations | 1 |  1.0
Fighting       | 1 |  1.4
Armour         | |  0.8
Dodging        | |  1.7
Stealth        | |  1.7
Spellcasting   | |  2.2
Earth Magic    | |  2.9

Action                   || total
-------------------------++-------
Melee: Club              ||    71
       Whip              ||    18
 Cast: Sandblast         ||    11
 Stab: Sleeping          ||     2
Armor: Robe              ||    28
Dodge: Dodged            ||    78
